 Dungeon Crawl Stone Soup version 0.18-a0-1788-g92de1ac (webtiles) character file.

648291 Chiseanne the Sorcerer (level 26, -9/153 (155) HPs)
             Began as a Demonspawn Wizard on Apr 18, 2016.
             Was a High Priest of Vehumet.
             Mangled by an Executioner (16 damage)
             ... summoned by Gloorx Vloq
             ... in Pandemonium on Apr 19, 2016.
             The game lasted 09:19:30 (79456 turns).

Chiseanne the Sorcerer (Demonspawn Wizard)         Turns: 79456, Time: 09:19:31

HP:   -9/153 (155)  AC: 29    Str: 22    XL:     26   Next: 68%
MP:   0/53          EV: 20    Int: 40    God:    Vehumet [*****.]
Gold: 1094          SH: 11    Dex: 14    Spells: 15 memorised, 7 levels left

rFire  + . .     SeeInvis .     a - staff of wizardry
rCold  + . .     Gourm    .     h - +1 leather armour "Buudd" {Regen+ Str+4 Int+3 Stlth+}
rNeg   + . .     Faith    .     y - +6 buckler of the Eight Spirits {rF+ rC- rN+ Regen+ rCorr}
rPois  +         Spirit   +     (helmet unavailable)
rElec  +         Dismiss  .     q - +2 cloak {rPois}
rCorr  +         Reflect  .     G - +2 pair of gloves {Str+3}
SustAt .         Harm     .     R - +2 pair of boots of Filth {MR+}
MR     ++...     Rnd*Rage +     b - amulet of the Air {Inacc +Fly rElec EV+5 RMsl}
Stlth  ++++++.... Rnd*Tele +    o - ring "Lypam" {+Inv Int+4 Dex+2}
                                K - ring "Qyidadi" {rC+ Str+4 Int+5}

@: lethally poisoned (-9 -> -30), very slightly contaminated, non-regenerating,
badly diseased, slowed, repel missiles, very slow, very resistant to hostile
enchantments, very stealthy
A: horns 3, slimy green scales 3, berserk 1, cold resistance 1, icemail,
teleportitis 1, augmentation 2, magic shield, magic regeneration, magic link,
freezing cloud immunity, subdued magic 1
a: Renounce Religion, Evoke Invisibility, Evoke Flight
}: 5/15 runes: serpentine, barnacled, slimy, silver, glowing


You were in Pandemonium.
You worshipped Vehumet.
Vehumet was extremely pleased with you.
You were not hungry.

You visited 10 branches of the dungeon, and saw 53 of its levels.
You visited Pandemonium 1 time, and saw 6 of its levels.
You visited the Abyss 3 times.
You visited 1 ziggurat, and saw 6 of its levels.
You also visited: Labyrinth, Ossuary, Ice Cave and Wizlab.

You collected 28252 gold pieces.
You spent 12055 gold pieces at shops.
You paid 15103 gold pieces to Gozag.

Inventory:

Hand Weapons
 d - the cursed +1 war axe of Kezexa {pain, rF+ rC+ Int+2}
   (You found it on level 5 of the Vaults)

   In the hands of one skilled in necromantic magic, it inflicts extra damage on
   living creatures.
   It affects your intelligence (+2).
   It protects you from fire.
   It protects you from cold.
   It has a curse placed upon it.
 s - a +7 eveningstar of protection
 B - a +0 demon trident of flaming
Missiles
 F - 9 throwing nets (quivered) {!*}
Armour
 h - the +1 leather armour "Buudd" (worn) {Regen+ Str+4 Int+3 Stlth+}
   (You found it on level 4 of the Snake Pit)

   It affects your strength (+4).
   It affects your intelligence (+3).
   It increases your rate of regeneration.
   It makes you more stealthy.
 q - a +2 cloak of poison resistance (worn)
 y - the +6 buckler of the Eight Spirits (worn) {rF+ rC- rN+ Regen+ rCorr}
   (You bought it in a shop on level 15 of the Dungeon)

   It protects you from fire.
   It makes you vulnerable to cold.
   It protects you from negative energy.
   It increases your rate of regeneration.
   It protects you from acid and corrosion.
 G - a +2 pair of gloves of strength (worn)
 R - the +2 pair of boots of Filth (worn) {MR+}
   (You bought it in a shop on level 8 of the Dungeon)

   It affects your resistance to hostile enchantments.
Magical Staves
 a - an uncursed staff of wizardry (weapon)
Jewellery
 b - the amulet of the Air (around neck) {Inacc +Fly rElec EV+5 RMsl}
   (You bought it in a shop on level 15 of the Dungeon)

   [amulet of inaccuracy]

   It reduces the accuracy of all your attacks.
   It affects your evasion (+5).
   It insulates you from electricity.
   It lets you fly.
   It protects you from missiles.
 o - the ring "Lypam" (right hand) {+Inv Int+4 Dex+2}
   (You took it off a deep elf master archer on level 3 of the Elven Halls)

   [ring of intelligence]

   It affects your intelligence (+4).
   It affects your dexterity (+2).
   It lets you turn invisible.
 K - the ring "Qyidadi" (left hand) {rC+ Str+4 Int+5}
   (You bought it in a shop on level 15 of the Dungeon)

   [ring of intelligence]

   It affects your strength (+4).
   It affects your intelligence (+5).
   It protects you from cold.
 M - the ring "Rileth" {rPois rF+ rC+}
   (You found it on level 6 of the Pits of Slime)

   [ring of poison resistance]

   It protects you from fire.
   It protects you from cold.
   It protects you from poison.
 O - the ring of Shadows {Umbra +Inv rN+ SInv}
   (You found it on level 2 of the Depths)

   [ring of positive energy]

   It protects you from negative energy.
   It lets you see invisible.
   It lets you turn invisible.
Wands
 x - a wand of teleportation (5/9)
 H - a wand of heal wounds (2/9)
 L - a wand of digging (11/24)
 S - a wand of disintegration (11/24)
 T - a wand of disintegration (13/24)
 W - a wand of teleportation (5/9)
Scrolls
 e - 6 scrolls of immolation
 g - 10 scrolls of fog
 i - 4 scrolls of fear
 n - 4 scrolls of identify
 r - 5 scrolls of recharging
 E - 23 scrolls of remove curse
 J - a scroll of summoning
 P - a scroll of magic mapping
 V - 2 scrolls of teleportation
 Y - a scroll of blinking
Potions
 c - 3 potions of heal wounds
 t - 5 potions of resistance
 u - 4 potions of ambrosia
 v - 3 potions of haste
 z - 5 potions of might
 A - 28 potions of curing
 C - 12 potions of flight
 D - 3 potions of invisibility
 I - 5 potions of brilliance
 Q - 2 potions of berserk rage
 U - 3 potions of cancellation
Books
 p - a book of Transfigurations

   Spells                             Type                      Level
   a - Irradiate                      Conjuration/Transmutation    5
   b - Statue Form                    Transmutation/Earth          6
   c - Hydra Form                     Transmutation                6
   d - Dragon Form                    Transmutation                7
Miscellaneous
 f - a box of beasts {used: 5}
 j - a stone of tremors
 l - a phial of floods
 w - 5 phantom mirrors
 N - a fan of gales
 X - a lamp of fire
Comestibles
 k - 8 bread rations
 m - 25 meat rations


   Skills:
 - Level 1.3 Fighting
 - Level 8.2 Armour
 - Level 6.8 Dodging
 - Level 12.9 Stealth
 - Level 5.2 Shields
 * Level 26.4 Spellcasting
 - Level 12.3 Conjurations
 - Level 5.1 Charms
   Level 1.0 Summonings
 - Level 16.0 Translocations
 - Level 10.0 Fire Magic
 * Level 20.5 Ice Magic
 - Level 4.2 Air Magic
 - Level 12.7 Poison Magic


You had 7 spell levels left.
You knew the following spells:

 Your Spells              Type           Power        Failure   Level  Hunger
a - Iskenderun's Mystic   Conj           #######.     0%          4    None
b - Bolt of Fire          Conj/Fire      #######...   1%          6    None
c - Fireball              Conj/Fire      #######...   1%          5    None
d - Freezing Cloud        Conj/Ice/Air   #######...   1%          6    None
e - Blink                 Tloc           N/A          0%          2    None
f - Shroud of Golubria    Chrm/Tloc      #######...   0%          2    None
g - Regeneration          Chrm/Necr      ######....   1%          3    None
h - Ring of Flames        Chrm/Fire      ######....   4%          7    None
i - Glaciate              Conj/Ice       #######...   3%          9    None
j - Ignite Poison         Fire/Trmt/Pois ######..     1%          3    None
k - Iskenderun's Battles  Conj/Chrm      #######.     1%          5    None
l - Dazzling Spray        Conj/Hex       ######..     1%          3    None
m - Apportation           Tloc           #######...   0%          1    None
o - Poisonous Cloud       Conj/Pois/Air  #######...   1%          6    None
p - Controlled Blink      Tloc           N/A          1%          8    None


Dungeon Overview and Level Annotations

Branches:
Dungeon (15/15)            Temple (1/1) D:5            Lair (8/8) D:10
 Shoals (4/4) Lair:4        Snake (4/4) Lair:6        Slime (6/6) Lair:7
    Orc (2/2) D:12            Elf (3/3) Orc:2        Vaults (5/5) D:14
  Crypt (0/3) Vaults:2     Depths (5/5) D:15            Zot (0/5) Depths:5

Altars:
Ashenzari
Cheibriados
Dithmenos
Elyvilon
Fedhas
Gozag
Kikubaaqudgha
Makhleb
Nemelex Xobeh
Okawaru
Pakellas
Qazlal
Ru
Sif Muna
Trog
Vehumet
Xom
Yredelemnul
Zin
The Shining One

Shops:
D:8 [   D:9 [   D:13 !   D:15 [[==*[=(=   Orc:2 **[=(   Elf:1 :   Vaults:1 ?
Vaults:2 *   Vaults:4 =   Vaults:5 ::

Portals:
Hell: Depths:1 Depths:2 Depths:3 Depths:4 Depths:5
Abyss: Depths:4
Pandemonium: Depths:2 Depths:3
Trove: D:11 (give +6 demon trident)

Annotations:
Elf:2 5 runed doors
Pan Gloorx Vloq


Innate Abilities, Weirdness & Mutations

You have a pair of large horns on your head.
You are completely covered in slimy green scales (AC +4, rPois).
Your flesh is cold resistant.
A meltable icy envelope protects you from harm (AC +10).
Your magical and physical power is enhanced at high health.
When hurt, damage is shared between your health and your magic reserves.
You regenerate magic rapidly.
When low on magic, you restore magic in place of health.
You are immune to freezing clouds.
You tend to lose your temper in combat.
You are occasionally teleported next to monsters.
Your spells are a little easier to cast, but a little less powerful.


Message History

Press: ? - help, Shift-Dir - straight line, f/p - Gloorx Vloq
Aim: Gloorx Vloq (freezing vapour, severely wounded, encased in ice)
You miscast Glaciate.
You are very lightly contaminated with residual magic.
You smell something strange.
You are engulfed in dark miasma.
You feel your flesh rotting away!
You feel ill.
You feel sick. The Executioner hits you!!
* * * LOW HITPOINT WARNING * * *
The Executioner hits you but does no damage.
The Executioner barely misses you.
Gloorx Vloq is engulfed in freezing vapours.
Gloorx Vloq hits you!
* * * LOW HITPOINT WARNING * * *
The Executioner is engulfed in freezing vapours.
The Executioner closely misses you. You block the Executioner's attack.
The Executioner hits you but does no damage.
Gloorx Vloq is engulfed in freezing vapours.
Gloorx Vloq gestures.
The Executioner hits you!
You die...

***,,,....##'''##.......###
***,,,,,.#####...#####......###
*,,,,,***#.#.#...#.#.####.....##
,,,,***,*,#.#.....#.#.#,###....##
*,****,*,*,#.#...#.#.#,*,*###.#.#
,****,*,*,#.#.....#.#,*,*,**##...
*,**,*,*,#.#.#...#.#.#,*,*,*#.#.#
,,***,*,#.#.#..1.1#.#.#,*,**#..#.
*,**,*,*.#.#.#§1@#.#.#.*,*,*#.#.#
,****,*,#.#.#§§&§1#.#.#,*,**##...
*,**,*,*.#.#§#§§§#.#.#.*,*,*#.#.#
,,***,*,#.#§#§§§§1#.#.#,*,**#..#.
*,**,*,*.#.#§#§§§#.#.#.*,*,*#.#.#
,****,*,#.#§#§§§§.#,#.#,*,**##...
*,**,*,*.#§#§#§§§#,*,#.#,*,*#.#.#
,,***,*,*.#.#.....*,*,#.*,**#..#.
*,**,*,*,*,*,*,,,*,*,*,*,*,*#.#.#


You could see Gloorx Vloq and 5 Executioners.

Vanquished Creatures
  the Royal Jelly (Slime:6)
  Mnoleg (Pan)
  3 ancient liches
  Mennas (Pan)
  2 pandemonium lords (Pan)
  A caustic shrike (Depths:3)
  6 golden dragons
  An iron giant (Zig:2)
  A Tzitzimitl (Pan)
  2 Brimstone Fiends (Pan)
  A hellephant (Zig:5)
  10 tentacled monstrosities
  The ghost of namnharef the Bludgeoner, an adept OgBe of Trog (Snake:1)
  2 quicksilver dragons
  3 liches
  2 deep elf master archers (Elf:3)
  3 titans (Vaults:5)
  2 deep elf blademasters (Elf:3)
  21 acid blobs
  A sphinx (shapeshifter) (Zig:1)
  13 Executioners (Pan)
  An eldritch tentacle (Pan)
  7 storm dragons
  A sphinx (Vaults:5)
  4 tentacled starspawn
  Kirke (Elf:1)
  2 warmongers
  7 shadow dragons
  12 tengu reavers
  Agnes (Snake:1)
  Ilsuiw (Shoals:4)
  5 greater nagas (Snake:4)
  14 frost giants
  9 azure jellies
  A revenant (Vaults:2)
  Maud (D:12)
  A draconian scorcher (Depths:5)
  Donald (Snake:4)
  Louise (Elf:2)
  9 fire giants
  2 balrugs
  An orc warlord (Orc:1)
  2 curse skulls (Pan)
  2 iron dragons (Vaults:5)
  6 cacodemons (Pan)
  8 vault wardens
  The ghost of Gruesome the Impaler, an adept DsGl of Cheibriados (Depths:1)
  19 ironheart preservers
  6 deep elf elementalists
  A ghost moth (shapeshifter) (Depths:2)
  Aizul (Elf:1)
  5 deep elf sorcerers
  An angel (Abyss:5)
  The ghost of ololoev the Severer, a journeyman HOFi of the Shining One (Depths:1)
  7 spriggan defenders
  A reaper (Pan)
  27 stone giants
  25 very ugly things
  A war gargoyle (Vaults:1)
  2 corrupters (Pan)
  A draconian caller (Depths:5)
  3 vampire knights
  A blood saint (Pan)
  A salamander stormcaller (Vaults:5)
  A starcursed mass (Abyss:5)
  2 black draconians (Depths:5)
  6 deep elf annihilators
  7 deep elf demonologists
  A green draconian (Depths:5)
  Nessos (D:14)
  A red draconian (Depths:5)
  A yellow draconian (Depths:5)
  A mottled draconian (Depths:5)
  A purple draconian (Depths:5)
  5 merfolk javelineers
  3 spark wasps (Depths:4)
  4 blizzard demons (Pan)
  A green death (Pan)
  8 death oozes (Slime:6)
  9 ettins
  11 deep elf death magi
  30 vault guards
  A minotaur (Lab)
  14 fire dragons
  20 yaktaur captains
  2 merfolk impalers
  4 deep elf high priests
  5 entropy weavers
  16 great orbs of eyes
  10 ice dragons
  Harold (Lair:2)
  11 naga warriors
  A caustic shrike simulacrum (Depths:1)
  6 rakshasas
  A ghost crab (shapeshifter) (Depths:4)
  12 hydras
  The ghost of Yehuk the Slicer, a journeyman HaAs of Dithmenos (D:11)
  A hell beast (Depths:5)
  2 catoblepae
  An alligator snapping turtle (Shoals:3)
  9 spriggan air magi
  15 ogre magi
  10 anacondas
  13 centaur warriors
  A death knight (Vaults:2)
  9 tengu warriors
  A shock serpent (shapeshifter) (Depths:4)
  7 dancing weapons
  15 deep troll shamans
  3 merfolk aquamancers (Shoals:4)
  Urug (Orc:1)
  A hell hog (Abyss:5)
  9 deep troll earth magi
  3 death yaks
  4 thrashing horrors (Abyss:5)
  4 orc high priests (Orc:2)
  6 naga sharpshooters
  4 spriggan berserkers
  4 vampire magi
  2 hell hogs (shapeshifter)
  8 shock serpents
  13 hell knights
  3 sun demons
  6 iron trolls
  28 deep elf knights
  3 spriggans
  7 salamander mystics
  11 soul eaters
  A sea snake (shapeshifter) (Vaults:1)
  6 sea snakes
  7 shadow wraiths
  A death drake (shapeshifter) (Depths:4)
  A giant orange brain (shapeshifter) (Depths:3)
  9 skeletal warriors
  50 deep trolls
  2 unseen horrors
  9 giant orange brains
  A gelid demonspawn (Pan)
  2 infernal demonspawn (Pan)
  5 flayed ghosts
  A torturous demonspawn (Pan)
  Pikel (D:6)
  3 naga ritualists (Snake:4)
  20 deep elf archers
  9 hill giants
  11 ironbrand convokers
  10 orc knights
  5 shadow demons
  2 phantasmal warriors (Vaults:5)
  A harpy (shapeshifter) (Vaults:2)
  63 deep elf magi
  6 necromancers
  2 fauns (Shoals:1)
  2 hornets
  9 harpies
  19 large abominations
  4 lindwurms (Snake:4)
  7 wizards
  4 shining eyes
  6 orc sorcerers
  12 cyclopes
  32 ugly things
  10 griffons
  14 mana vipers
  A hornet (shapeshifter) (Depths:2)
  A wolf spider (Vaults:1)
  A wolf spider (shapeshifter) (Vaults:5)
  6 manticores
  A wolf spider zombie (D:14)
  An elephant (shapeshifter) (Depths:5)
  13 elephants
  7 sixfirhies
  9 salamanders
  6 guardian serpents (Snake:4)
  An octopode (shapeshifter) (Depths:3)
  8 vault sentinels
  8 sirens
  2 apocalypse crabs (Abyss:2)
  An eye of devastation (shapeshifter) (D:15)
  2 centaur zombies (D:14)
  5 eyes of devastation
  4 rust devils
  A smoke demon (Pan)
  13 naga magi
  A torpor snail (shapeshifter) (Depths:2)
  29 black mambas
  An iron dragon skeleton (Pan)
  A black mamba (shapeshifter) (Vaults:2)
  5 spectral swamp worms (Depths:2)
  A water nymph (Shoals:3)
  6 spiny frogs
  A frost giant skeleton (Depths:1)
  6 orange demons
  7 gargoyles
  A torpor snail (Lair:6)
  An ice statue (IceCv)
  5 centaur skeletons
  2 hellions (Pan)
  A rime drake (shapeshifter) (Vaults:2)
  5 komodo dragons
  5 rime drakes
  3 kobold demonologists
  A hellwing (Pan)
  7 freezing wraiths
  A yaktaur (shapeshifter) (Depths:4)
  A demonic crawler (Pan)
  2 ancient zymes
  11 merfolk
  60 yaktaurs
  2 ice devils
  2 efreet (Abyss:2)
  A guardian mummy (D:11)
  4 tormentors
  4 red devils
  9 tengu conjurers
  3 jumping spiders (Depths:2)
  12 polar bears (IceCv)
  A polar bear (shapeshifter) (Vaults:2)
  A queen bee (shapeshifter) (Depths:2)
  12 trolls
  2 trolls (shapeshifter)
  28 two-headed ogres
  23 blink frogs
  An ice dragon zombie (Depths:1)
  Grinder (D:3)
  A boulder beetle (Vaults:2)
  2 snapping turtles
  94 slime creatures
  2 raiju (Abyss:5)
  A centaur simulacrum (D:15)
  4 flying skulls (Depths:5)
  15 air elementals
  8 redbacks
  2 tarantellas (Depths:2)
  3 vampires
  A wyvern (D:14)
  2 shadows (D:14)
  7 ynoxinuls
  23 water elementals
  4 hogs (Elf:1)
  2 wraiths
  60 yaks
  A hog (shapeshifter) (Vaults:4)
  A basilisk (Lair:2)
  10 golden eyes
  3 fire elementals
  21 humans
  3 hungry ghosts
  6 chaos spawn (Pan)
  11 hippogriffs
  21 neqoxecs
  A yaktaur simulacrum (Vaults:3)
  11 vampire mosquitoes
  A spatial vortex (Abyss:5)
  A mottled dragon (D:14)
  A mottled dragon (shapeshifter) (Vaults:2)
  2 wargs
  A soldier ant (D:14)
  24 nagas
  2 water moccasins (shapeshifter)
  An entropy weaver simulacrum (Vaults:1)
  15 water moccasins
  A giant eyeball (shapeshifter) (Depths:4)
  3 giant eyeballs
  10 porcupines
  51 orc warriors
  5 wasps
  A black bear (D:8)
  3 small abominations
  4 eyes of draining
  A slave (D:5)
  52 ogres
  7 ice beasts
  3 necrophages
  3 sky beasts
  16 wolves
  3 phantoms
  8 boggarts
  A tengu (shapeshifter) (Vaults:5)
  3 big kobolds
  21 centaurs
  10 crocodiles
  A crocodile (shapeshifter) (Depths:1)
  22 giant frogs
  4 earth elementals
  A wyvern skeleton (D:12)
  2 wyvern zombies (D:14)
  4 scorpions
  13 killer bees
  A spriggan skeleton (Abyss:2)
  6 wights (D:11)
  4 howler monkeys
  3 electric eels
  6 crimson imps
  A giant frog zombie (D:5)
  A lava snake (D:12)
  4 quasits
  24 jellies
  4 hounds
  2 iron imps (Zig:2)
  24 orc priests
  5 giant frog skeletons
  36 orc wizards
  Jessica (D:3)
  Natasha (thrice) (D:3)
  9 iguanas
  14 worker ants
  27 sheep
  A big kobold zombie (Ossuary)
  4 hound skeletons
  8 mummies (Ossuary)
  11 gnolls
  18 adders
  54 river rats
  6 shadow imps
  12 white imps (Orc:1)
  7 oozes
  4 adder skeletons
  5 worms
  2 dart slugs
  5 giant geckos
  121 orcs
  2 ball pythons
  8 giant cockroaches
  3 gnoll zombies (Ossuary)
  10 goblins
  11 hobgoblins
  24 jackals
  10 quokkas
  11 bats
  A giant gecko skeleton (D:4)
  3 giant newts
  A hobgoblin zombie (Ossuary)
  A jackal skeleton (D:4)
  A jackal zombie (D:6)
  9 kobolds
  A kobold zombie (Ossuary)
  2 orc zombies (Ossuary)
  A quokka skeleton (D:4)
  A quokka zombie (D:5)
  20 rats
  6 blocks of ice (Pan)
  A bush (Lair:8)
  A fire vortex (Vaults:5)
  7 fungi
  42 plants
  A starspawn tentacle (WizLab)
2624 creatures vanquished.

Vanquished Creatures (collateral kills)
  An azure jelly (Slime:6)
  A stone giant (WizLab)
  A giant orange brain (WizLab)
  A deep elf mage (Elf:2)
  A gargoyle (Lab)
  2 polar bears (IceCv)
  A wasp (D:15)
8 creatures vanquished.

Vanquished Creatures (others)
  2 tengu reavers (Vaults:5)
  A fire giant (Depths:3)
  A deep elf high priest (Vaults:5)
  A vault guard (Vaults:5)
  12 dancing weapons
  A deep elf knight (Elf:3)
  A skeletal warrior (D:12)
  A gargoyle (D:12)
  2 two-headed ogres (Depths:1)
  3 yaks (IceCv)
  A human (Elf:1)
  2 water moccasins
  3 ogres (Depths:1)
  A centaur (D:13)
  90 blocks of ice
  32 eldritch tentacle segments (Pan)
  A fire vortex (Depths:2)
  23 fungi
  59 plants
  9 starspawn tentacles
  37 starspawn tentacle segments
283 creatures vanquished.

Grand Total: 2915 creatures vanquished

Notes
Turn   | Place    | Note
--------------------------------------------------------------
     0 | D:1      | Chiseanne the Demonspawn Wizard began the quest for the Orb.
     0 | D:1      | Reached XP level 1. HP: 13/13 MP: 4/4
   287 | D:1      | Gained mutation: You are partially covered in slimy green scales (AC +2). [demonic ancestry]
   287 | D:1      | Reached XP level 2. HP: 15/19 MP: 1/6
  1850 | D:2      | Gained mutation: When hurt, damage is shared between your health and your magic reserves. [demonic ancestry]
  1850 | D:2      | Reached XP level 3. HP: 24/24 MP: 1/8
  2101 | D:2      | Found an oddly glowing altar of Pakellas.
  2484 | D:2      | Learned a level 3 spell: Mephitic Cloud
  2487 | D:2      | Learned a level 2 spell: Repel Missiles
  2490 | D:2      | Learned a level 2 spell: Blink
  2717 | D:2      | Reached XP level 4. HP: 30/30 MP: 4/9
  2954 | D:3      | Reached skill level 4 in Spellcasting
  2996 | D:3      | Learned a level 3 spell: Conjure Flame
  3004 | D:3      | Noticed Grinder
  3006 | D:3      | Noticed Natasha
  3348 | D:3      | Killed Natasha
  3348 | D:3      | Gained mutation: Your flesh is cold resistant. [demonic ancestry]
  3348 | D:3      | Reached XP level 5. HP: 33/35 MP: 3/11
  3628 | D:3      | Noticed Natasha
  4020 | D:3      | Killed Natasha
  4220 | D:3      | Noticed Natasha
  4349 | D:3      | Killed Natasha
  4349 | D:3      | Reached XP level 6. HP: 41/41 MP: 3/13
  4570 | D:3      | Reached skill level 5 in Spellcasting
  4825 | D:3      | Paralysed by Grinder for 3 turns
  4976 | D:3      | Noticed Jessica
  4981 | D:3      | Killed Jessica
  4981 | D:3      | Reached skill level 5 in Conjurations
  5051 | D:3      | Found an iron altar of Okawaru.
  5052 | D:3      | Found a burning altar of Makhleb.
  5522 | D:4      | Gained mutation: You are mostly covered in slimy green scales (AC +3). [demonic ancestry]
  5522 | D:4      | Reached XP level 7. HP: 46/46 MP: 3/15
  6130 | D:5      | Entered Level 5 of the Dungeon
  6367 | D:5      | Reached skill level 6 in Spellcasting
  7162 | D:5      | Found a staircase to the Ecumenical Temple.
  7187 | Temple   | Entered the Ecumenical Temple
  7283 | Temple   | Became a worshipper of Gozag Ym Sagoz the Greedy
  7305 | D:5      | Gained mutation: You have a pair of small horns on your head. [demonic ancestry]
  7305 | D:5      | Reached XP level 8. HP: 52/52 MP: 13/17
  7507 | D:6      | Got a twisted short sword
  7610 | D:6      | Identified the +4 short sword of Purpose {drain, Int+4} (You found it on level 6 of the Dungeon)
  7687 | D:6      | Reached skill level 7 in Spellcasting
  7781 | D:6      | Found a shadowy altar of Dithmenos.
  7786 | D:6      | Found a shimmering altar of Xom.
  7895 | D:6      | Noticed Pikel
  8732 | D:6      | Found a glowing silver altar of Zin.
  9428 | D:6      | Killed Pikel
  9428 | D:6      | Reached skill level 8 in Spellcasting
  9428 | D:6      | Gained mutation: You have a pair of horns on your head. [demonic ancestry]
  9428 | D:6      | Reached XP level 9. HP: 57/57 MP: 14/21
  9591 | D:6      | Found an iron altar of Okawaru.
  9867 | D:3      | Killed Grinder
 10477 | D:7      | Got a twisted leather armour
 10486 | D:7      | Identified the +1 leather armour of Pigodiss {rF+ Stlth+} (You found it on level 7 of the Dungeon)
 11002 | D:7      | Reached skill level 1 in Armour
 11250 | D:8      | Found a sand-covered staircase.
 11271 | D:8      | Reached skill level 9 in Spellcasting
 11388 | Ossuary  | Entered an ossuary
 12145 | D:8      | Bought the -2 hat of the Alchemist {rElec rPois rF+ rC+ rN+ MR+ rMut rCorr} for 660 gold pieces
 12541 | D:8      | Found Goepni's Food Boutique.
 12558 | D:8      | Bought a beef jerky for 19 gold pieces
 13065 | D:9      | Found Xitath's Armour Shoppe.
 13667 | D:9      | Gained mutation: You evolve. [potion of mutation]
 13933 | D:9      | Reached XP level 10. HP: 63/63 MP: 19/23
 14036 | D:9      | Found a white marble altar of Elyvilon.
 14036 | D:9      | Found a deep blue altar of Sif Muna.
 14037 | D:9      | Found a radiant altar of Vehumet.
 14235 | D:10     | Entered Level 10 of the Dungeon
 14258 | D:10     | Gained mutation: You are robust (+10% HP). [evolution]
 14379 | D:10     | Reached skill level 10 in Conjurations
 14390 | D:10     | Noticed a hill giant
 14463 | D:11     | Noticed a white ugly thing
 14463 | D:11     | Noticed a cyclops
 14978 | D:11     | Killed a cyclops
 15529 | D:11     | Found a portal to a secret trove of treasure.
 15896 | D:11     | Noticed Yehuk's ghost (journeyman HaAs)
 15943 | D:11     | Reached skill level 5 in Dodging
 16051 | D:11     | Killed Yehuk's ghost
 16051 | D:11     | Reached skill level 10 in Spellcasting
 16148 | D:11     | Noticed a purple ugly thing
 16180 | D:11     | Killed a purple ugly thing
 16366 | D:11     | Found a large runed door.
 16366 | D:11     | Found a large runed door.
 16453 | D:11     | Gained mutation: You regenerate magic rapidly. [demonic ancestry]
 16453 | D:11     | Reached XP level 11. HP: 73/73 MP: 12/25
 16459 | D:11     | Reached skill level 5 in Armour
 16797 | D:11     | Noticed a brown ugly thing
 16805 | D:11     | Killed a brown ugly thing
 17322 | D:10     | Killed a white ugly thing
 17493 | D:10     | Noticed a hill giant
 17524 | D:10     | Killed a hill giant
 17585 | D:10     | Found a staircase to the Lair.
 17617 | D:10     | Killed a hill giant
 17668 | D:10     | Noticed a hill giant
 17686 | D:10     | Killed a hill giant
 18405 | D:8      | Bought the +2 pair of boots of Filth {MR+} for 379 gold pieces
 18490 | D:9      | Bought a +2 cloak of poison resistance for 240 gold pieces
 18505 | D:9      | Bought the cursed +1 ring mail of Inference {rF+ Regen+} for 260 gold pieces
 18859 | D:12     | Found a staircase to the Orcish Mines.
 18994 | D:12     | Noticed a centaur warrior
 19076 | D:12     | Noticed a centaur warrior
 19084 | D:12     | Killed a centaur warrior
 19110 | D:12     | Killed a centaur warrior
 19706 | D:12     | Noticed a skeletal warrior
 19707 | D:12     | Noticed a skeletal warrior
 19707 | D:12     | Noticed a skeletal warrior
 19707 | D:12     | Noticed a skeletal warrior
 19708 | D:12     | Noticed a skeletal warrior
 20581 | D:12     | Reached skill level 1 in Translocations
 20602 | D:12     | Gained mutation: You are immune to freezing clouds. [demonic ancestry]
 20602 | D:12     | Reached XP level 12. HP: 75/80 MP: 19/26
 20654 | D:12     | Reached skill level 1 in Air Magic
 20696 | D:13     | Noticed a centaur warrior
 20706 | D:13     | Noticed a centaur warrior
 21228 | D:13     | a centaur warrior changed into a snapping turtle
 21626 | D:13     | Killed a centaur warrior
 21626 | D:13     | Reached skill level 1 in Fighting
 21772 | D:13     | Learned a level 2 spell: Shroud of Golubria
 21791 | D:13     | Learned a level 3 spell: Regeneration
 21834 | D:13     | Reached skill level 1 in Charms
 21839 | D:13     | Bought a potion of resistance for 140 gold pieces
 21839 | D:13     | Bought a potion of lignification for 42 gold pieces
 21839 | D:13     | Bought a potion of invisibility for 112 gold pieces
 21839 | D:13     | Bought 2 potions of curing for 84 gold pieces
 22081 | D:14     | Noticed a centaur warrior
 22103 | D:13     | Killed a centaur warrior
 22616 | D:14     | Reached skill level 5 in Charms
 22661 | D:14     | Gained mutation: You possess an exceptional clarity of mind. [evolution]
 22685 | D:14     | Learned a level 5 spell: Fireball
 22818 | D:14     | Noticed a rakshasa
 22896 | D:14     | Reached skill level 1 in Fire Magic
 23436 | D:14     | Noticed Nessos
 23470 | D:14     | Killed Nessos
 23590 | D:14     | Noticed an eight-headed hydra
 23603 | D:14     | Killed an eight-headed hydra
 23603 | D:14     | Gained mutation: You are completely covered in slimy green scales (AC +4, rPois). [demonic ancestry]
 23603 | D:14     | Reached XP level 13. HP: 90/90 MP: 22/27
 23983 | D:14     | Reached skill level 5 in Fire Magic
 24139 | D:13     | Bought a potion of cure mutation for 350 gold pieces
 24153 | D:15     | Entered Level 15 of the Dungeon
 24270 | D:15     | Found a labyrinth entrance.
 24277 | Lab      | Entered a labyrinth
 24797 | Lab      | Noticed a minotaur
 24813 | Lab      | Killed a minotaur
 24867 | Lab      | Learned a level 6 spell: Bolt of Fire
 24871 | Lab      | Learned a level 3 spell: Ignite Poison
 26139 | D:15     | Reached skill level 10 in Fire Magic
 26261 | D:15     | Found a staircase to the Depths.
 26718 | Orc:1    | Entered Level 1 of the Orcish Mines
 26811 | Orc:1    | Found a frozen archway.
 26828 | Orc:1    | Reached skill level 5 in Stealth
 26846 | IceCv    | Entered an ice cave
 27469 | IceCv    | Gained mutation: You have a pair of large horns on your head. [demonic ancestry]
 27469 | IceCv    | Reached XP level 14. HP: 96/96 MP: 13/28
 28212 | IceCv    | Reached skill level 10 in Stealth
 28214 | IceCv    | Noticed a frost giant
 28221 | IceCv    | Killed a frost giant
 28596 | Orc:1    | Noticed Urug
 28633 | Orc:1    | Killed Urug
 28997 | Orc:1    | Noticed Maud
 29139 | D:12     | Killed Maud
 29728 | D:13     | Bought 2 potions of curing for 84 gold pieces
 29728 | D:13     | Bought a potion of curing for 42 gold pieces
 29728 | D:13     | Bought a potion of ambrosia for 112 gold pieces
 29854 | D:15     | Bought the amulet of the Air {Inacc +Fly rElec EV+5 RMsl} for 523 gold pieces
 29855 | D:15     | Bought a cursed ring of teleportation for 49 gold pieces
 29855 | D:15     | Bought the ring "Kuirch" {Str+4 Int+3 Stlth+} for 431 gold pieces
 29869 | D:15     | Bought a +6 ring of intelligence for 643 gold pieces
 29974 | Orc:2    | Entered Level 2 of the Orcish Mines
 30036 | Orc:2    | Found a staircase to the Elven Halls.
 30433 | Orc:2    | Found Ikupp's General Store.
 30447 | Orc:2    | Bought a scroll of identify for 30 gold pieces
 30544 | Orc:2    | Noticed an orc warlord
 30575 | Orc:2    | Reached skill level 11 in Spellcasting
 31292 | Orc:1    | Killed an orc warlord
 31956 | Orc:2    | Found Ficwasei's General Store.
 31957 | Orc:2    | Found Juog's Jewellery Emporium.
 31958 | Orc:2    | Found Fuhoqud's Antique Armour Emporium.
 31958 | Orc:2    | Found Daegegar's Antique Weapon Shoppe.
 31972 | Orc:2    | Bought a bread ration for 70 gold pieces
 32272 | Lair:1   | Entered Level 1 of the Lair of Beasts
 33353 | Lair:2   | Reached skill level 12 in Spellcasting
 33543 | Lair:2   | Noticed Harold
 33549 | Lair:2   | Killed Harold
 34277 | Lair:3   | Reached XP level 15. HP: 102/102 MP: 11/31
 35768 | Lair:4   | Reached skill level 13 in Spellcasting
 35842 | Lair:4   | Found a staircase to the Shoals.
 36457 | Lair:5   | Got a bloodstained mace
 36465 | Lair:5   | Identified the cursed +2 mace of a Thousand Gods {elec, rElec} (You found it on level 5 of the Lair of Beasts)
 37559 | Lair:6   | Found a staircase to the Snake Pit.
 38066 | Lair:7   | Got a warped chain mail
 38067 | Lair:7   | Identified the cursed +0 chain mail "Deguett" {Regen+ Int+3} (You found it on level 7 of the Lair of Beasts)
 38164 | Lair:7   | Found a staircase to the Slime Pits.
 38167 | Lair:7   | Reached skill level 14 in Spellcasting
 38869 | Lair:8   | Entered Level 8 of the Lair of Beasts
 39304 | Lair:8   | Identified a scroll of acquirement
 40007 | Lair:8   | Reached skill level 15 in Spellcasting
 40359 | Lair:8   | Learned a level 5 spell: Iskenderun's Battlesphere
 40364 | Lair:8   | Learned a level 4 spell: Iskenderun's Mystic Blast
 40568 | Lair:8   | Learned a level 3 spell: Dazzling Spray
 40773 | Lair:4   | Gained mutation: Your muscles are strong. (Str +2) [evolution]
 40998 | D:15     | Bought a faintly glowing hand axe for 280 gold pieces
 40998 | D:15     | Bought a bloodstained falchion for 280 gold pieces
 40999 | D:15     | Identified the +7 hand axe of Spontaneous Combustion {antimagic, rN+ MR+} (You bought it in a shop on level 15 of the Dungeon)
 41003 | D:15     | Identified the cursed +1 falchion "Dijitses" {pain, +Blink MR++ Dex-3} (You bought it in a shop on level 15 of the Dungeon)
 41022 | D:15     | Bought a scroll of blinking for 82 gold pieces
 41022 | D:15     | Bought a scroll of identify for 22 gold pieces
 41022 | D:15     | Bought a beef jerky for 16 gold pieces
 41022 | D:15     | Bought a potion of haste for 110 gold pieces
 41022 | D:15     | Bought a potion of resistance for 110 gold pieces
 41027 | D:15     | Bought the +6 buckler of the Eight Spirits {rF+ rC- rN+ Regen+ rCorr} for 820 gold pieces
 41027 | D:15     | Bought a +3 ring mail of cold resistance for 416 gold pieces
 41182 | Elf:1    | Entered Level 1 of the Elven Halls
 41186 | Elf:1    | Reached skill level 1 in Shields
 41362 | Elf:1    | Noticed a deep elf sorcerer
 41373 | Elf:1    | Found a magical portal.
 41374 | Elf:1    | Noticed Aizul
 41378 | WizLab   | Entered Lehudib's Moon Base
 41408 | WizLab   | Reached XP level 16. HP: 79/108 MP: 3/35
 41585 | WizLab   | Noticed a tentacled starspawn
 41590 | WizLab   | Killed a tentacled starspawn
 41595 | WizLab   | Noticed a tentacled starspawn
 41599 | WizLab   | Noticed a tentacled starspawn
 41700 | WizLab   | Noticed a tentacled starspawn
 41705 | WizLab   | Killed a tentacled starspawn
 41705 | WizLab   | Reached skill level 5 in Shields
 41840 | Elf:1    | Found Zoxkiona's Book Emporium.
 42323 | Elf:1    | Got an encrusted flail {crush}
 42326 | Elf:1    | Identified the +0 flail of Grandeur {crush, rC- rN+ Int+4} (You took it off a deep elf mage on level 1 of the Elven Halls)
 42485 | Elf:1    | Noticed Kirke
 42584 | Elf:1    | Noticed a sphinx
 42597 | Elf:1    | Noticed a sphinx
 42598 | Elf:1    | Killed Kirke
 42824 | Elf:1    | Killed Aizul
 42824 | Elf:1    | Reached skill level 16 in Spellcasting
 44057 | Elf:2    | Noticed Louise
 44080 | Elf:2    | Killed Louise
 44112 | Elf:2    | Reached skill level 17 in Spellcasting
 44201 | Elf:2    | Found a deep blue altar of Sif Muna.
 44713 | Elf:2    | Found a huge runed gate.
 44713 | Elf:2    | Found a huge runed gate.
 44714 | Elf:2    | Found a huge runed gate.
 44715 | Elf:2    | Found a huge runed gate.
 44724 | Elf:2    | Found a huge runed gate.
 44779 | Elf:3    | Entered Level 3 of the Elven Halls
 45157 | Elf:3    | Reached XP level 17. HP: 114/114 MP: 21/38
 45161 | Elf:3    | Noticed a deep elf blademaster
 45164 | Elf:3    | Killed a deep elf blademaster
 45342 | Elf:3    | Reached skill level 18 in Spellcasting
 45347 | Elf:3    | Noticed a Tzitzimitl
 45375 | Elf:3    | Noticed a Tzitzimitl
 45460 | Elf:3    | Noticed a deep elf master archer
 45466 | Elf:3    | Noticed a deep elf blademaster
 45472 | Elf:3    | Killed a deep elf blademaster
 45946 | Elf:3    | Killed a ghostly deep elf blademaster
 46142 | Elf:2    | Lost mutation: Your muscles are strong. (Str +2) [evolution]
 46974 | Elf:3    | Noticed a deep elf master archer
 47100 | Elf:3    | Killed a deep elf master archer
 47201 | Elf:3    | Got a scorched bronze ring
 47202 | Elf:3    | Identified the ring "Lypam" {+Inv Int+4 Dex+2} (You took it off a deep elf master archer on level 3 of the Elven Halls)
 47306 | Elf:3    | Killed a deep elf master archer
 47306 | Elf:3    | Reached skill level 19 in Spellcasting
 47412 | Elf:3    | Got an ivory blowgun
 47422 | Elf:3    | Identified the +3 blowgun of the Shore {evade, Str+2 Dex+4 Stlth+} (You found it on level 3 of the Elven Halls)
 47504 | Elf:3    | Learned a level 1 spell: Apportation
 47518 | Elf:3    | Got a pair of ichor-stained boots
 47519 | Elf:3    | Identified the +2 pair of boots of Gegieq {Slay+2 Stlth+} (You found it on level 3 of the Elven Halls)
 47539 | Elf:3    | Got a transparent chain mail
 47541 | Elf:3    | Identified the +3 chain mail of Resilience {+Blink rC+} (You took it off a deep elf high priest on level 3 of the Elven Halls)
 47612 | Elf:3    | Got a translucent short sword {pierce}
 47613 | Elf:3    | Identified the +4 short sword "Queq" {pierce, rElec rF+ Str+4 Dex-5} (You took it off a deep elf death mage on level 3 of the Elven Halls)
 47771 | Elf:3    | Learned a level 6 spell: Freezing Cloud
 47832 | Elf:3    | Reached skill level 1 in Ice Magic
 48164 | Elf:3    | Got a translucent flail {venom}
 48165 | Elf:3    | Identified the +5 flail of Taxation {venom, MP+9 Str+4 Dex+4 Stlth-} (You took it off a deep elf death mage on level 3 of the Elven Halls)
 48438 | Elf:3    | Found a deep blue altar of Sif Muna.
 48890 | D:14     | Reached skill level 5 in Ice Magic
 49221 | D:14     | Found a gate to the Vaults.
 49537 | D:15     | Upgraded the game from 0.18-a0-1784-ga939a68 to 0.18-a0-1788-g92de1ac
 49845 | Snake:1  | Entered Level 1 of the Snake Pit
 49857 | Snake:1  | Gained mutation: When low on magic, you restore magic in place of health. [demonic ancestry]
 49857 | Snake:1  | Reached XP level 18. HP: 121/121 MP: 22/41
 50145 | Snake:1  | Noticed Agnes
 50150 | Snake:1  | Killed Agnes
 50273 | Snake:1  | Noticed namnharef's ghost (adept OgBe)
 50293 | Snake:1  | Killed namnharef's ghost
 50862 | Snake:3  | Got a faintly glowing rapier
 50865 | Snake:3  | Identified the +12 rapier of the Dove {speed, -Tele rPois Dex+4} (You found it on level 3 of the Snake Pit)
 50870 | Snake:4  | Entered Level 4 of the Snake Pit
 51103 | Snake:4  | Got a dazzling leather armour
 51105 | Snake:4  | Identified the +1 leather armour "Buudd" {Regen+ Str+4 Int+3 Stlth+} (You found it on level 4 of the Snake Pit)
 51143 | Snake:4  | Noticed Donald
 51149 | Snake:4  | Killed Donald
 51533 | Snake:4  | Reached skill level 10 in Ice Magic
 52465 | Snake:4  | Gained mutation: You are very robust (+20% HP). [evolution]
 52465 | Snake:4  | Lost mutation: You evolve. [end of evolution]
 52581 | Snake:4  | Gained mutation: Your magical and physical power is slightly enhanced at high health. [demonic ancestry]
 52581 | Snake:4  | Reached XP level 19. HP: 133/138 MP: 3/42
 52653 | Snake:4  | Got a serpentine rune of Zot
 53468 | Orc:2    | Bought an ancient greatsling for 500 gold pieces
 53468 | Orc:2    | Identified the +8 greatsling of the Beast {freeze, rC+ Str+4 SInv Stlth-} (You bought it in a shop on level 2 of the Orcish Mines)
 53471 | Orc:2    | Bought a translucent scale mail for 261 gold pieces
 53482 | Orc:2    | Identified the +0 scale mail of Twilight {Dex+7} (You bought it in a shop on level 2 of the Orcish Mines)
 53797 | Shoals:1 | Entered Level 1 of the Shoals
 54112 | Shoals:3 | Reached skill level 20 in Spellcasting
 54168 | Shoals:4 | Entered Level 4 of the Shoals
 54176 | Shoals:4 | Noticed Ilsuiw
 54357 | Shoals:4 | Killed Ilsuiw
 54549 | Shoals:4 | Reached skill level 1 in Poison Magic
 54650 | Shoals:4 | Got a barnacled rune of Zot
 54661 | Shoals:4 | Reached skill level 5 in Poison Magic
 54940 | D:15     | Bought the ring "Qyidadi" {rC+ Str+4 Int+5} for 1144 gold pieces
 54988 | D:15     | Learned a level 6 spell: Poisonous Cloud
 54992 | Depths:1 | Entered Level 1 of the Depths
 55177 | Depths:1 | Noticed ololoev's ghost (journeyman HOFi)
 55187 | Depths:1 | Killed ololoev's ghost
 55564 | Depths:1 | Noticed Gruesome's ghost (adept DsGl)
 55613 | Depths:1 | Killed Gruesome's ghost
 55751 | Depths:1 | Found a gateway to Hell.
 55812 | Depths:1 | Reached skill level 10 in Poison Magic
 57178 | Depths:2 | Reached XP level 20. HP: 145/145 MP: 22/44
 57223 | Depths:2 | Found a one-way gate leading to the halls of Pandemonium.
 57678 | Depths:2 | Reached skill level 21 in Spellcasting
 59275 | Depths:3 | Found a glowing golden altar of the Shining One.
 59771 | Depths:3 | Reached skill level 22 in Spellcasting
 59791 | Depths:3 | Learned a level 8 spell: Controlled Blink
 59864 | Depths:3 | Reached skill level 5 in Translocations
 60139 | Depths:3 | Noticed a golden dragon
 60139 | Depths:3 | Noticed a caustic shrike
 60147 | Depths:3 | Killed a caustic shrike
 60154 | Depths:3 | Killed a golden dragon
 60346 | Depths:3 | Noticed a golden dragon
 60355 | Depths:3 | Killed a golden dragon
 60541 | Depths:3 | Got a crude plate armour
 60542 | Depths:3 | Identified the +8 plate armour of the Falcon {rPois} (You found it on level 3 of the Depths)
 60738 | Depths:4 | Reached XP level 21. HP: 151/151 MP: 28/47
 61255 | Depths:4 | Noticed a golden dragon
 61260 | Depths:4 | Reached skill level 10 in Translocations
 61268 | Depths:4 | Killed a golden dragon
 62364 | Depths:4 | Got a transparent mace {freeze}
 62371 | Depths:4 | Identified the cursed +2 mace of Ercho {freeze, Dex+3} (You took it off a necromancer on level 4 of the Depths)
 63330 | Depths:4 | Found a gateway to a ziggurat.
 63390 | Depths:4 | Found a one-way gate to the infinite horrors of the Abyss.
 63426 | Depths:5 | Entered Level 5 of the Depths
 63539 | Depths:5 | Reached XP level 22. HP: 158/158 MP: 26/48
 63654 | Depths:5 | Noticed a golden dragon
 63663 | Depths:5 | Killed a golden dragon
 63891 | Depths:5 | Reached skill level 15 in Translocations
 64019 | Depths:5 | Found a gate to the Realm of Zot.
 65194 | Depths:5 | Noticed a golden dragon
 65213 | Depths:5 | Killed a golden dragon
 65875 | D:15     | Learned a level 9 spell: Glaciate
 65892 | D:15     | Bought a brightly glowing scale mail for 288 gold pieces
 65892 | D:15     | Bought an ichor-stained robe for 182 gold pieces
 65892 | D:15     | Bought a pair of runed gloves for 144 gold pieces
 65902 | D:15     | Bought a pair of runed gloves for 144 gold pieces
 65936 | D:15     | Identified the +2 scale mail of Awe {rF+} (You bought it in a shop on level 15 of the Dungeon)
 65937 | D:15     | Identified the cursed +1 robe of Sin {*Contam rC+ MP+9 Dex+4} (You bought it in a shop on level 15 of the Dungeon)
 66036 | Vaults:1 | Entered Level 1 of the Vaults
 66835 | Vaults:1 | Found Qamit's Magic Scroll Shop.
 66843 | Vaults:1 | Bought a scroll of silence for 90 gold pieces
 66843 | Vaults:1 | Bought a scroll of amnesia for 42 gold pieces
 66843 | Vaults:1 | Bought a scroll of blinking for 90 gold pieces
 66843 | Vaults:1 | Bought a scroll of teleportation for 36 gold pieces
 66843 | Vaults:1 | Bought a scroll of blinking for 90 gold pieces
 66843 | Vaults:1 | Bought a scroll of identify for 24 gold pieces
 66880 | Vaults:1 | Gained mutation: Your muscles are strong. (Str +2) [potion of beneficial mutation]
 67468 | Vaults:2 | Gained mutation: Your magical and physical power is enhanced at high health. [demonic ancestry]
 67468 | Vaults:2 | Reached XP level 23. HP: 164/164 MP: 13/49
 67575 | Vaults:2 | Found a staircase to the Crypt.
 68022 | Vaults:2 | Found Xamar's General Store.
 68030 | Vaults:2 | Bought a potion of heal wounds for 90 gold pieces
 68030 | Vaults:2 | Bought a scroll of fog for 36 gold pieces
 68030 | Vaults:2 | Bought a wand of disintegration (13/24) for 306 gold pieces
 68172 | Vaults:2 | MordorOrchid: that is some fast MagRegen
 68175 | Vaults:2 | Chiseanne: yes..its from the ds mutation
 68176 | Vaults:2 | MordorOrchid: nice
 68177 | Vaults:2 | Chiseanne: aye..even better with a manareg amulet..but have this for now for the defense
 68321 | Vaults:3 | Chiseanne: not sure if I should switch to vehumet at this point
 68321 | Vaults:3 | Chiseanne: still not satisfied with the gear
 68321 | Vaults:3 | MordorOrchid: I like to bribe V5 if possible
 68321 | Vaults:3 | Chiseanne: dunno..every time I try this I feel ripped off
 68321 | Vaults:3 | Chiseanne: 3k..thats a shop for me :D
 68338 | Vaults:3 | MordorOrchid: it's definitely a better payoff in places like Snake
 68343 | Vaults:3 | Chiseanne: yah ok..its just..you can handle it mostly without bribery and keep the money for better gear
 68343 | Vaults:3 | Chiseanne: or a pot effect if in trouble
 68359 | Vaults:3 | Chiseanne: so I never use it
 68380 | Vaults:3 | MordorOrchid: i keep finding the poit effects fall short when I need them
 68380 | Vaults:3 | MordorOrchid: there should always be a heal effect
 68380 | Vaults:3 | Chiseanne: yes I am hoping for a heal effect every time and than you get berserk rage haha
 68402 | Vaults:3 | MordorOrchid: i've died a couple of times because there was no heal
 68406 | Vaults:3 | Chiseanne: yes I know..that can end up bad
 68428 | Vaults:3 | MordorOrchid: how bad is wrath of gozag?
 68433 | Vaults:3 | Chiseanne: he will sick monsters at you and potions do not work under his wrath..also all shops you sponsered close
 68433 | Vaults:3 | Chiseanne: but doenst take too long..when the char is grown you can handle it
 68445 | Vaults:3 | MordorOrchid: good reason to stockpile some hast and heal wands
 68451 | Vaults:3 | Chiseanne: yes!
 68495 | Vaults:3 | Chiseanne: was hoping for some more int items
 68495 | Vaults:3 | Chiseanne: so I can get glaciate going soon
 68651 | Vaults:3 | MordorOrchid: I found +15 gold dragon armour with +10 Int a while back
 68651 | Vaults:3 | Chiseanne: thats quite nice..but with that encumbrance rate the +10 doesnt really help with high end spells sadly
 68658 | Vaults:3 | MordorOrchid: it was beautiful in the late game tho
 68658 | Vaults:3 | Chiseanne: what kind of char?
 68696 | Vaults:3 | MordorOrchid: FoFi
 68698 | Vaults:3 | Chiseanne: yes ok thats great then
 68937 | Vaults:3 | Reached skill level 23 in Spellcasting
 69825 | Vaults:4 | Reached skill level 15 in Ice Magic
 70395 | Vaults:4 | Found Tias's Jewellery Emporium.
 70409 | Vaults:4 | Bought a cursed amulet of inaccuracy for 44 gold pieces
 70796 | D:15     | Bought the amulet of Zuqile {RegenMP rF+ rN+ SInv} for 1205 gold pieces
 70798 | D:15     | Bought the amulet of the Four Winds {rN+ MR+++ Clar} for 478 gold pieces
 70994 | D:8      | Bought a bread ration for 65 gold pieces
 70994 | D:8      | Bought a bread ration for 65 gold pieces
 70994 | D:8      | Bought a bread ration for 65 gold pieces
 70994 | D:8      | Bought a meat ration for 65 gold pieces
 70994 | D:8      | Bought a bread ration for 65 gold pieces
 71093 | D:9      | Fell from the grace of Gozag
 71093 | D:9      | Became a worshipper of Vehumet
 71313 | Zig:1    | Entered Level 1 of a ziggurat
 71326 | Zig:2    | Entered Level 2 of a ziggurat
 71342 | Zig:2    | Got a slimy cloak
 71453 | Zig:2    | Got a polished trident
 71459 | Zig:2    | Identified the +9 trident "Testudineslayer" {vamp, -Tele rElec Stlth+} (You found it on level 2 of a ziggurat)
 71461 | Zig:2    | Identified the +1 cloak of Resilience {rCorr Stlth+} (You found it on level 2 of a ziggurat)
 71464 | Zig:3    | Entered Level 3 of a ziggurat
 71467 | Zig:3    | Reached XP level 24. HP: 166/172 MP: 36/50
 71497 | Zig:4    | Entered Level 4 of a ziggurat
 71510 | Zig:4    | Noticed Loh Yrr the pandemonium lord
 71528 | Zig:4    | Cast into level 5 of the Abyss (Loh Yrr)
 71528 | Abyss:5  | Entered Level 5 of the Abyss
 71698 | Abyss:5  | Reached * piety under Vehumet
 71698 | Abyss:5  | Offered knowledge of Sandblast by Vehumet.
 71702 | Zig:4    | Escaped the Abyss
 71764 | Zig:4    | HP: 5/172 [Loh Yrr the pandemonium lord (5)]
 71789 | Zig:4    | Cast into level 5 of the Abyss (Loh Yrr)
 71789 | Abyss:5  | Entered Level 5 of the Abyss
 71894 | Zig:4    | Escaped the Abyss
 71907 | Zig:5    | Entered Level 5 of a ziggurat
 72122 | Zig:5    | Got a crude granite ring
 72136 | Zig:5    | Identified the ring "Kurevoragh" {rF- rN++ Str+3 Slay+5} (You found it on level 5 of a ziggurat)
 72141 | Zig:6    | Entered Level 6 of a ziggurat
 72148 | Zig:6    | Noticed an ancient lich
 72502 | D:15     | Learned a level 7 spell: Ring of Flames
 72642 | Vaults:5 | Entered Level 5 of the Vaults
 72825 | Vaults:5 | Reached ** piety under Vehumet
 72825 | Vaults:5 | Offered knowledge of Throw Frost by Vehumet.
 72846 | Vaults:5 | Reached skill level 24 in Spellcasting
 73029 | Vaults:5 | Found Nuen Gyth's Book Shoppe.
 73032 | Vaults:5 | Found Rimn's Book Boutique.
 73280 | Vaults:5 | Noticed an ancient lich
 73425 | Vaults:5 | Noticed an ancient lich
 73432 | Vaults:5 | Killed an ancient lich
 73519 | Vaults:5 | Identified a +4 rod of ignition (12/12) (You found it on level 5 of the Vaults)
 73747 | Vaults:5 | Offered knowledge of Inner Flame by Vehumet.
 74058 | Vaults:5 | Got an ancient war axe
 74059 | Vaults:5 | Identified the cursed +1 war axe of Kezexa {pain, rF+ rC+ Int+2} (You found it on level 5 of the Vaults)
 74247 | Vaults:5 | Reached *** piety under Vehumet
 74438 | Vaults:5 | Identified Sif Muna's Reference Book on Flight
 74496 | Vaults:5 | Got a transparent robe
 74497 | Vaults:5 | Identified the cursed +1 robe of a wizard's laboratory {Dex+3} (You took it off an orc on level 5 of the Vaults)
 74569 | Vaults:5 | Killed an ancient lich
 74646 | Vaults:5 | Gained mutation: A meltable icy envelope protects you from harm (AC +10). [demonic ancestry]
 74646 | Vaults:5 | Reached XP level 25. HP: 178/178 MP: 33/51
 74699 | Vaults:5 | Offered knowledge of Throw Icicle by Vehumet.
 74933 | Vaults:5 | Got a silver rune of Zot
 75900 | Slime:1  | Entered Level 1 of the Pits of Slime
 75912 | Slime:1  | Reached **** piety under Vehumet
 76030 | Slime:1  | Offered knowledge of Force Lance by Vehumet.
 76211 | Slime:3  | Gained mutation: Potions and wands are less effective at restoring your health. [a shining eye]
 76212 | Slime:3  | Gained mutation: Your body sometimes deteriorates upon taking damage. [a shining eye]
 76218 | Slime:3  | Reached skill level 25 in Spellcasting
 76235 | Slime:3  | Reached ***** piety under Vehumet
 76242 | Slime:3  | Offered knowledge of Ozocubu's Refrigeration by Vehumet.
 76388 | Slime:6  | Entered Level 6 of the Pits of Slime
 76430 | Slime:6  | Noticed the Royal Jelly
 76445 | Slime:6  | Killed the Royal Jelly
 76541 | Slime:6  | Got a wavering silver ring
 76564 | Slime:6  | Identified the ring "Rileth" {rPois rF+ rC+} (You found it on level 6 of the Pits of Slime)
 76633 | Slime:6  | Identified the Catalogue of a Thousand Wonders
 76643 | Slime:6  | Got a slimy rune of Zot
 76645 | Slime:6  | Identified the Collected Works on Unstable Darkness
 76653 | Slime:6  | Identified the Collected Works on Creative Transmutation
 76685 | Slime:6  | Got a vibrating turquoise ring
 76697 | Slime:6  | Got a transparent leather armour
 76699 | Slime:6  | Identified the +0 leather armour of Feasting {Int+4} (You found it on level 6 of the Pits of Slime)
 76701 | Slime:6  | Identified the ring of Xom's Entertainment {MP+9 Str+2} (You found it on level 6 of the Pits of Slime)
 77025 | D:8      | Bought a bread ration for 65 gold pieces
 77025 | D:8      | Bought a bread ration for 65 gold pieces
 77175 | D:12     | Cast into level 2 of the Abyss (skeletal warrior)
 77197 | Abyss:2  | Found a corrupted altar of Lugonu.
 77220 | Abyss:2  | Found a corrupted altar of Lugonu.
 77313 | Abyss:2  | Noticed an ancient lich
 77384 | Abyss:2  | Killed an ancient lich
 77384 | Abyss:2  | Was forgiven by Gozag
 77403 | D:12     | Escaped the Abyss
 77413 | D:12     | Lost mutation: You are very robust (+20% HP). [mutagenic glow]
 77472 | D:12     | Lost mutation: You are robust (+10% HP). [potion of cure mutation]
 77472 | D:12     | Lost mutation: Your body sometimes deteriorates upon taking damage. [potion of cure mutation]
 77472 | D:12     | Lost mutation: Your muscles are strong. (Str +2) [potion of cure mutation]
 77472 | D:12     | Lost mutation: You possess an exceptional clarity of mind. [potion of cure mutation]
 77472 | D:12     | Lost mutation: Potions and wands are less effective at restoring your health. [potion of cure mutation]
 77643 | Elf:1    | Offered knowledge of Bolt of Draining by Vehumet.
 78274 | Pan      | Entered Pandemonium
 78337 | Pan      | Found an exit through the horrors of the Abyss.
 78420 | Pan      | Reached XP level 26. HP: 143/155 MP: 43/52
 78421 | Pan      | Noticed Kepompem the pandemonium lord
 78423 | Pan      | Killed Kepompem the pandemonium lord
 78448 | Pan      | Entered the realm of Mnoleg.
 78495 | Pan      | Found an exit through the horrors of the Abyss.
 78552 | Pan      | Noticed Mennas
 78569 | Pan      | Killed Mennas
 78653 | Pan      | Gained mutation: Your spells are a little easier to cast, but a little less powerful. [a neqoxec]
 78680 | Pan      | Noticed Mnoleg
 78683 | Pan      | Gained mutation: You are occasionally teleported next to monsters. [a cacodemon]
 78684 | Pan      | Reached skill level 26 in Spellcasting
 78698 | Pan      | Killed Mnoleg
 78747 | Pan      | Got a glowing rune of Zot
 78760 | Pan      | Gained mutation: You tend to lose your temper in combat. [a neqoxec]
 78780 | Pan      | Offered knowledge of Lee's Rapid Deconstruction by Vehumet.
 78818 | Pan      | Found a runed door.
 78959 | Pan      | Noticed Eto Foc the pandemonium lord
 78964 | Pan      | Killed Eto Foc the pandemonium lord
 79044 | Pan      | Entered the realm of Gloorx Vloq.
 79452 | Pan      | Noticed Gloorx Vloq
 79456 | Pan      | HP: 7/153 [Gloorx Vloq (16)]
 79456 | Pan      | Mangled by an Executioner

Vault maps used:
D:1:      dpeg_arrival_pits
D:2:      lemuel_tele_altar
D:3:      gammafunk_temple_overflow_wave, uniq_natasha, uniq_jessica,
          uniq_grinder
D:4:      grunt_decor_fettered, minmay_misc_feat_x
D:5:      minmay_temple_entry_grid, first_bread, feat_on_display
D:6:      marbit_many_paths, minitemple, moated_statue,
          kennysheep_okawaru_gauntlet, uniq_pikel
D:8:      serial_shops, nicolae_shop_crystal, nicolae_ossuary_entry_plus
D:9:      gammafunk_temple_overflow_claw, serial_shops,
          nicolae_shop_behind_doors
D:10:     grunt_lair_entry_orc_guard_hut, grunt_pizzeria, minmay_crystal_water
D:11:     nicolae_trove_entry_path_of_doom, lightli_elemental_guards
D:12:     lemuel_flame_loot_2, orc_0_dummy, hangedman_abyss_or_decor_clamps
D:14:     grunt_vaults_entry_tiered, uniq_nessos
D:15:     hangedman_depths_entry_civil_slaughter, lab_entry_generic
Temple:   circular_temple_12
Lair:2:   uniq_harold
Lair:4:   shoals_dummy_entry
Lair:5:   bh_autumn_forest_stairs
Lair:6:   guppyfry_snake_entry_garden, grunt_forest_stairs_basic
Lair:7:   nicolae_slime_entry_slimehenge
Lair:8:   hangedman_lair_in_review
Shoals:2: serial_shops, shop
Shoals:3: nicolae_shoals_kraken_intersection
Shoals:4: shoals_end_grunt_ice, shoals_ilsuiw_ice
Snake:1:  st_stairs_11, uniq_agnes
Snake:3:  uniq_vashnia
Snake:4:  snake_pit_salamanders_mu, grunt_ministairs_4, serial_bayou_ford_a,
          spider_trap, uniq_donald
Slime:3:  cheibrodos_slime_lost_civilization_4
Orc:1:    cheibrodos_orc_bank, portal_ice_cave_entry_imps, uniq_urug, uniq_maud
Orc:2:    st_orc_congregation, serial_shops, shop, mumra_transporter_accident
Elf:1:    eino_elf_arrival_sip, mu_enter_wizlab_1, serial_shops, shop,
          hangedman_elf_represent, minmay_misc_feat_cross, uniq_kirke,
          uniq_aizul
Elf:2:    basic_altar, uniq_louise
Elf:3:    grunt_elf_hall_branching, lemuel_blue_sif_altar
Vaults:1: vaults_room_pools, ontoclasm_vaults_ring_large, v_misc_3,
          vaults_dpeg_ring, vaults_room_stairs_pillars,
          nicolae_vaults_yaktaur_gun_rack, serial_shops, shop
Vaults:2: minmay_crypt_entry_simple_statues, v_misc_8,
          vaults_room_stairs_pillars, v_misc_31, v_misc_22,
          ontoclasm_vaults_claustrophobia, vaults_dpeg_encased_lava,
          vaults_room_fancy_cross, serial_shops, nicolae_shop_statue_plus
Vaults:3: nicolae_vaults_triangles, nicolae_vaults_little_squares_2,
          nicolae_vaults_meeting, vaults_room_door_hall, vaults_dpeg_hooks,
          nicolae_vaults_little_squares_3, hangedman_vaults_trim,
          grunt_vaults_hallway_long
Vaults:4: nicolae_vaults_rhombus_7, v_rooms_4, v_misc_12,
          vaults_standard_mumra_lines, v_misc_5, v_misc_15, v_misc_26,
          ontoclasm_vaults_loading_screen, nicolae_vaults_circle_grid_b,
          v_misc_22, ontoclasm_vaults_twist, hangedman_vaults_trim,
          ontoclasm_vaults_gateway, serial_shops, nicolae_shop_waterfront
Depths:1: hangedman_abyss_or_decor_stagger, hell_entry, lemuel_old_faithful
Depths:2: evilmike_lava_path, rand_demon_pan_entry_1, pf_hell_entry_tar_river,
          serial_bayou, serial_bayou_lake_a, serial_bayou_pond_c,
          serial_bayou_lagoon_a, serial_bayou_pond_d, serial_bayou_pond_d,
          serial_bayou_pond_b
Depths:3: minmay_outward_triangles, tso_altar, rand_demon_pan_entry_4,
          hell_entry, infiniplex_staircase_zigzag_1
Depths:4: hangedman_grunt_twisty_little_passages, enter_ziggurat_f,
          marbit_kobold_abyss_entry, hangedman_decor_diamond_cutter, hell_entry
Depths:5: grunt_zot_entry_gee_three, serial_bayou_pond_b, grunt_mini_vestibule
Abyss:2:  evilmike_abyss_exit_11, hangedman_decor_riveting
Abyss:5:  evilmike_abyss_exit_glass, nicolae_abyss_rune_star_stuff,
          evilmike_abyss_exit_kraken, hangedman_steaming_rock,
          evilmike_abyss_rune_ettins
Pan:      lemuel_hellion_island, grunt_pan_spiral, pan_blood_fountain,
          grunt_pan_sceptre, mnoleg_st, uniq_mennas_pan, pan_blood_fountain_2,
          nicolae_pan_sigil_uleosi, rand_demon_9, nicolae_pan_gloorx_vloqian_4,
          nicolae_pan_sigil_itan, reaverb_pan_figure_eight, gloorx_vloq_st,
          pan_blood_fountain_2, pan_blood_fountain_small
Zig:4:    ziggurat_pillar_centre_c
Lab:      labyrinth_mini_lab, nicolae_lab_checkerboard, nicolae_lab_blocks,
          nicolae_lab_grate, nicolae_lab_swirl, lab_fountain, lab_block,
          nicolae_lab_stuck
Ossuary:  ossuary_tomb_3
IceCv:    ice_cave_caverns_02
WizLab:   wizlab_lehudib

Skill      XL: |  1  2  3  4  5  6  7  8  9 10 11 12 13 14 15 16 17 18 19 20 21 22 23 24 25 26 |
---------------+-------------------------------------------------------------------------------+-----
Conjurations   | 2 3 4 5 6 8 9 10 11 12 | 12.3
Spellcasting   | 4 5 6 8 9 10 12 15 17 19 20 22 23 24 25 26 | 26.4
Dodging        | 3 5 6 |  6.8
Armour         | 2 4 8 |  8.2
Translocations | 1 4 8 14 16 | 16.0
Air Magic      | 4 |  4.2
Fighting       | 1 |  1.3
Charms         | 5 |  5.1
Fire Magic     | 4 10 | 10.0
Stealth        | 7 12 | 12.9
Shields        | 2 5 |  5.2
Ice Magic      | 6 12 13 15 17 19 20 | 20.5
Poison Magic   | 12 | 12.7
Summonings     | |  1.0

Action                   |  1- 3 |  4- 6 |  7- 9 | 10-12 | 13-15 | 16-18 | 19-21 | 22-24 | 25-27 || total
-------------------------+-------+-------+-------+-------+-------+-------+-------+-------+-------++-------
Melee: Club              |    36 |       |       |       |       |       |       |       |       ||    36
       Short sword       |     7 |    64 |    86 |   551 |   496 |    31 |    41 |    43 |       ||  1319
       Mace              |       |    73 |    36 |    32 |       |       |       |       |       ||   141
       Headbutt          |       |       |     8 |    74 |    61 |    10 |     8 |    15 |    10 ||   186
       Falchion          |       |       |       |    15 |       |    95 |       |       |       ||   110
       Great mace        |       |       |       |       |     2 |       |       |       |       ||     2
       Eveningstar       |       |       |       |       |       |    31 |       |       |       ||    31
       Staff             |       |       |       |       |       |       |       |     2 |    20 ||    22
Throw: Throwing net      |       |       |       |     3 |       |     1 |       |       |       ||     4
 Cast: Magic Dart        |   101 |   118 |   539 |   860 |   155 |       |       |       |       ||  1773
       Repel Missiles    |     1 |       |       |     6 |     1 |       |       |       |       ||     8
       Mephitic Cloud    |       |    16 |    18 |    73 |    37 |     3 |       |       |       ||   147
       Blink             |       |     4 |     6 |    40 |    42 |     7 |     2 |     1 |       ||   102
       Conjure Flame     |       |     1 |     9 |    73 |     7 |     2 |       |       |       ||    92
       Fireball          |       |       |       |     2 |   518 |    90 |       |     2 |       ||   612
       Bolt of Fire      |       |       |       |       |    94 |    59 |    37 |    79 |    13 ||   282
       Shroud of Golubri |       |       |       |       |     1 |       |     1 |     4 |       ||     6
       Ignite Poison     |       |       |       |       |     3 |       |    74 |    22 |     1 ||   100
       Iskenderun's Myst |       |       |       |       |     6 |   498 |   680 |   812 |   336 ||  2332
       Iskenderun's Batt |       |       |       |       |     1 |   114 |    95 |    75 |    22 ||   307
       Dazzling Spray    |       |       |       |       |       |    11 |       |       |       ||    11
       Freezing Cloud    |       |       |       |       |       |    67 |   176 |   268 |    24 ||   535
       Apportation       |       |       |       |       |       |     3 |    17 |    10 |     7 ||    37
       Poisonous Cloud   |       |       |       |       |       |       |    86 |    20 |     1 ||   107
       Controlled Blink  |       |       |       |       |       |       |       |    12 |     2 ||    14
       Regeneration      |       |       |       |       |       |       |       |     9 |     4 ||    13
       Ring of Flames    |       |       |       |       |       |       |       |     5 |     1 ||     6
       Glaciate          |       |       |       |       |       |       |       |       |   110 ||   110
Invok: Call Merchant     |       |       |     1 |     1 |     4 |     1 |     1 |     3 |       ||    11
Evoke: Wand              |       |       |     8 |    25 |    31 |    14 |    10 |    13 |    17 ||   118
       Stone of tremors  |       |       |       |     1 |     3 |     2 |     1 |     2 |     1 ||    10
       Sack of spiders   |       |       |       |       |     6 |       |       |       |       ||     6
       Fan of gales      |       |       |       |       |       |       |     2 |     3 |     1 ||     6
       Phial of floods   |       |       |       |       |       |       |       |     2 |       ||     2
       Box of beasts     |       |       |       |       |       |       |       |       |     5 ||     5
  Use: Scroll            |     5 |     7 |     7 |     8 |    20 |    17 |     6 |    33 |    14 ||   117
       Potion            |       |       |     8 |     6 |     5 |    14 |       |     5 |     3 ||    41
 Stab: Confused          |       |     3 |       |    16 |     8 |       |       |       |       ||    27
       Sleeping          |       |     1 |     1 |       |       |       |       |     2 |       ||     4
       Distracted        |       |       |       |     3 |     3 |     3 |       |       |       ||     9
  Eat: Chunk             |     5 |    10 |     6 |       |       |       |       |     2 |       ||    23
       Fruit             |       |       |     7 |       |     8 |    11 |       |     5 |       ||    31
       Bread ration      |       |       |     3 |     3 |    12 |     2 |     5 |     5 |     3 ||    33
       Pizza             |       |       |     1 |    10 |     2 |     1 |     2 |     1 |       ||    17
       Beef jerky        |       |       |     3 |     3 |     6 |     4 |     2 |       |     1 ||    19
       Royal jelly       |       |       |       |       |     2 |     1 |       |     2 |       ||     5
       Meat ration       |       |       |       |       |     3 |     1 |     1 |     1 |       ||     6
Armor: Robe              |    28 |    83 |    54 |       |       |       |       |       |       ||   165
       Leather armour    |       |       |    58 |   158 |       |       |    69 |   122 |    61 ||   468
       Ring mail         |       |       |       |   207 |   325 |   114 |    26 |       |       ||   672
Dodge: Dodged            |    57 |   131 |   147 |   583 |   744 |   243 |   278 |   338 |    88 ||  2609
       Deflected         |       |     2 |       |    19 |    18 |    63 |    50 |    35 |     8 ||   195
Block: Buckler           |       |       |       |       |     1 |   203 |   187 |   257 |    82 ||   730
